 Dungeon Crawl Stone Soup version 0.19.0-2-gae57169 (webtiles) character file.

54 FireInc the Sneak (level 3, 0/32 HPs)
             Began as a Naga Hunter on Nov 3, 2016.
             Slain by a gnoll
             ... wielding a +0 halberd
              (4 damage)
             ... on level 2 of the Dungeon.
             The game lasted 00:05:53 (766 turns).

FireInc the Sneak (Naga Hunter)                      Turns: 766, Time: 00:05:54

Health: 0/32       AC:  6    Str: 14    XL:     3   Next: 91%
Magic:  3/3        EV:  7    Int: 11    God:
Gold:   50         SH:  0    Dex: 12    Spells: 0 memorised, 2 levels left

rFire  . . .     SeeInvis +     a - +1 hunting sling
rCold  . . .     Gourm    .     c - +0 leather armour
rNeg   + . .     Faith    .     (no shield)
rPois  +         Spirit   .     (no helmet)
rElec  .         Reflect  .     (no cloak)
rCorr  .         Harm     .     (no gloves)
MR     .....                    p - +0 naga barding (curse)
Stlth  ++........               (no amulet)
                                (no ring)
                                N - ring of positive energy

@: short of breath, very slow
A: see invisible, deformed body, poison resistance, slowness 2, slow metabolism
1, spit poison 1, AC +1
a: Spit Poison


You were on level 2 of the Dungeon.
You were not hungry.

You visited 1 branch of the dungeon, and saw 2 of its levels.

You collected 50 gold pieces.


Innate Abilities, Weirdness & Mutations

You cannot wear boots.
Your serpentine skin is tough. (AC +1)
You have supernaturally acute eyesight. (SInv)
Armour fits poorly on your strangely shaped body.
Your system is resistant to poisons. (rPois)
You cover ground very slowly.
You have a slow metabolism.
You can spit poison.


   Skills:
 - Level 2.0 Fighting
 + Level 4.1 Slings
 - Level 1.5 Dodging
 + Level 4.6 Stealth


You had 2 spell levels left.
You didn't know any spells.

Inventory:

Hand Weapons
 a - a +1 hunting sling (weapon)
 b - a +0 short sword
Missiles
 d - 17 sling bullets (quivered)
 n - 13 stones
Armour
 c - a +0 leather armour (worn)
 p - a cursed +0 naga barding (worn)
Jewellery
 N - a ring of positive energy (left hand)
Scrolls
 g - a scroll of identify {@r1}
 m - a scroll of fog
Potions
 e - a potion of cure mutation {unknown}
 k - a potion of lignification {unknown}
 l - a potion of heal wounds {unknown}
 q - a potion of ambrosia {unknown}
 r - a potion of degeneration {unknown}
Comestibles
 f - 3 bread rations {@e1}
 h - a slice of pizza {@e2}
 i - 6 chunks of flesh
 j - a beef jerky {@e2}
 o - 5 fruits {@e2}

Dungeon Overview and Level Annotations

Branches:
Dungeon (2/15)

Altars:

.... ..... ...
..... .. .... .#
###.##..
...#....$.# ..
#........# #...
#.......##...#
#(..(@.....#
#....g..#####
#..g........##
#.†.....###..#
#(......# ##.#
.. #.>#######
#.# .. ((.. #.##
... (..
#####..#### ...
...........##.##


You could see 2 gnolls.


Message History

You are too injured to fight recklessly!
You are too injured to fight recklessly!
You are too injured to fight recklessly!
You are too injured to fight recklessly!
You are too injured to fight recklessly!
You are too injured to fight recklessly!
Firing (i - inventory. (,) - cycle):
d - 19 sling bullets (quivered)
Press: ? - help, Shift-Dir - straight line, f/p - adder
Aim: an adder (moderately wounded)
You shoot a sling bullet.
The sling bullet closely misses the adder.
The gnoll barely misses you. x2; The adder bites you.
* * * LOW HITPOINT WARNING * * *
Firing (i - inventory. (,) - cycle):
d - 18 sling bullets (quivered)
Press: ? - help, Shift-Dir - straight line, f/p - adder
Aim: an adder (moderately wounded)
You shoot a sling bullet. The sling bullet hits the adder.
The adder is severely wounded.
The adder bites you but does no damage. The gnoll closely misses you.
The gnoll hits you from afar with a halberd.
* * * LOW HITPOINT WARNING * * *
Use which ability? (? or * to list)
Press: ? - help, Shift-Dir - straight line, f/p - adder
Aim: an adder (severely wounded)
The splash of poison hits the adder.
The adder is poisoned.
You kill the adder!
You feel slightly more hungry. The gnoll hits you.
* * * LOW HITPOINT WARNING * * *
The gnoll hits you from afar with a halberd.
You die...

Skill      XL: |  1  2  3 |
---------------+----------+-----
Stealth        | 2 3 4 |  4.6
Slings         | 4 |  4.1
Fighting       | |  2.0
Dodging        | |  1.5

Action                   || total
-------------------------++-------
 Fire: Hunting sling     ||    69
 Abil: Spit Poison       ||     6
  Use: Scroll            ||     3
Armor: Leather armour    ||    45
Dodge: Dodged            ||    36

Vault maps used:
D:1:      minmay_arrival_stone_box, minivault_11
D:2:      minmay_roachtagon, lemuel_crystal_altar,
          nicolae_overflow_hidden_temple

Notes
Turn   | Place    | Note
-------+----------+-------------------------------------------
     0 | D:1      | FireInc the Naga Hunter began the quest for the Orb.
     0 | D:1      | Reached XP level 1. HP: 19/19 MP: 1/1
   126 | D:1      | Reached skill level 2 in Stealth
   152 | D:1      | Reached XP level 2. HP: 23/26 MP: 2/2
   211 | D:1      | Reached skill level 3 in Stealth
   562 | D:1      | Reached XP level 3. HP: 32/32 MP: 3/3
   648 | D:1      | Reached skill level 4 in Slings
   672 | D:2      | Reached skill level 4 in Stealth
   766 | D:2      | Slain by a gnoll

Vanquished Creatures
  A gnoll (D:2)
  2 adders
  5 goblins
  5 hobgoblins
  4 jackals (D:1)
  3 bats (D:1)
  A frilled lizard (D:1)
  4 kobolds
  A rat (D:1)
26 creatures vanquished.
